 Dungeon Crawl Stone Soup version 0.27-a0-1555-g0e7b3fb1d2 (webtiles) character file.

Game seed: 262382179595751317

125 Hasart the Ducker (level 5, -2/36 HPs)
             Began as an Octopode Fighter on July 14, 2021.
             Slain by an adder (3 damage)
             ... on level 3 of the Dungeon.
             The game lasted 00:02:28 (1713 turns).

Hasart the Ducker (Octopode Fighter)                Turns: 1713, Time: 00:02:28

Health: -2/36      AC:  1    Str: 16    XL:     5   Next: 9%
Magic:  5/5        EV: 11    Int: 11    God:
Gold:   59         SH:  8    Dex: 11    Spells: 4/4 levels left

rFire    . . .     SeeInvis .   a - +0 war axe
rCold    . . .     Faith    .   b - +0 kite shield
rNeg     . . .     Spirit   .   (helmet restricted)
rPois    .         Reflect  .   (no amulet)
rElec    .         Harm     .   (no ring)
rCorr    .         Rampage  .   (no ring)
Will     .....                  (no ring)
Stlth    +++.......             (no ring)
HPRegen  0.12/turn              (no ring)
MPRegen  0.09/turn              (no ring)
                                (no ring)
                                (no ring)

@: no status effects
A: almost no armour, amphibious, 8 rings, camouflage 1, gelatinous body 1,
(nimble swimmer 1), tentacles
a: no special abilities


You were on level 3 of the Dungeon.
You visited 1 branch of the dungeon, and saw 3 of its levels.

You collected 59 gold pieces.

Inventory:

Hand Weapons
 a - a +0 war axe (weapon)
Missiles
 d - 12 poisoned darts (quivered)
 g - 5 boomerangs
 k - 2 javelins
Armour
 b - a +0 kite shield (worn)
Wands
 i - a wand of acid (11)
Scrolls
 e - 2 scrolls of immolation {unknown}
 m - a scroll of silence {unknown}
 n - a scroll of identify {unknown}
Potions
 c - a potion of might
 h - a potion of lignification {unknown}
 j - a potion of invisibility {unknown}
 l - 2 potions of curing {unknown}


   Skills:
 + Level 3.3 Fighting
 * Level 3.1 Axes
 + Level 1.3 Throwing
 + Level 3.4 Dodging
 + Level 2.2 Stealth
 + Level 3.3 Shields
 + Level 1.0 Evocations


You had 4 spell levels left.
You didn't know any spells.
Your spell library was empty.

Dungeon Overview and Level Annotations

Branches:
Dungeon (3/15)

Altars:


Innate Abilities, Weirdness & Mutations

You cannot wear most types of armour.
You are amphibious.
You can wear up to eight rings at the same time.
Your skin changes colour to match your surroundings (Stealth+).
Your rubbery body absorbs attacks. (AC +1, EV +1)
((You are camouflaged near water. (Stealth+)))
You have tentacles for arms and can constrict up to eight enemies at once.


Message History

You closely miss the bullfrog. You grab the bullfrog.
The bullfrog is lightly wounded.
You constrict the bullfrog. You block the bullfrog's attack.
A goblin comes into view. It is wielding a +0 dagger.
You block the bullfrog's attack.
The goblin shouts!
You hit the bullfrog.
The bullfrog is moderately wounded.
You constrict the bullfrog. The bullfrog hits you. x2
* * * LOW HITPOINT WARNING * * *
You block the bullfrog's attack.
You hit the bullfrog but do no damage.
The bullfrog is heavily wounded.
You constrict the bullfrog. The bullfrog misses you. The bullfrog hits you.
* * * LOW HITPOINT WARNING * * *
Unknown command.
You hit the bullfrog.
The bullfrog is almost dead.
You constrict the bullfrog.
You kill the bullfrog!
You block the adder's attack.
Your Axes skill increases to level 3!
Your Stealth skill increases to level 2!
Your Evocations skill increases to level 1!
You have reached level 5!
You feel clever.
You closely miss the adder. Your grab misses the adder.
The adder bites you but does no damage. The adder misses you.
You barely miss the adder. Your grab misses the adder.
You block the adder's attack. x2
Your shield prevents you from hitting the adder.
Your grab misses the adder. Your squeeze misses the adder. The adder bites you.
* * * LOW HITPOINT WARNING * * *
The adder bites you.
* * * LOW HITPOINT WARNING * * *
The adder bites you.
* * * LOW HITPOINT WARNING * * *
It was a potion of cancellation.
You feel magically purged. The adder bites you.
You die...

.....##.#.# #
.#..##.#.# #
#...##.#.# #
#...##.#.# #
..+##...##.#.#
#...#..##.#.#
#......##.#.#
#....#K##.#.##
#.....gS@....#
#...#.S##.####
..'##...##.#
#.# #...##.#
.. #..###.#
.#. #.# #...
#.# # ## #.#
#.#


You could see an adder, a goblin, a ball python and a kobold.

Vanquished Creatures
  A bullfrog (D:3)
  2 adders
  2 worms
  An orc (D:3)
  3 bats
  4 endoplasms
  A giant cockroach (D:2)
  2 goblins
  2 hobgoblins (D:1)
  2 quokkas
  5 ball pythons
  2 frilled lizards
  5 kobolds
  6 rats
38 creatures vanquished.

Notes
Turn   | Place    | Note
-------+----------+-------------------------------------------
     0 | D:1      | Hasart the Octopode Fighter began the quest for the Orb.
     0 | D:1      | Reached XP level 1. HP: 16/16 MP: 1/1
   246 | D:1      | Reached XP level 2. HP: 21/21 MP: 2/2
   586 | D:1      | Found a faded altar of an unknown god.
   902 | D:2      | Reached skill level 1 in Stealth
   902 | D:2      | Reached XP level 3. HP: 26/26 MP: 3/3
  1641 | D:3      | Reached skill level 1 in Throwing
  1641 | D:3      | Reached XP level 4. HP: 28/31 MP: 4/4
  1693 | D:3      | Noticed a bullfrog
  1709 | D:3      | Killed a bullfrog
  1710 | D:3      | Reached skill level 1 in Evocations
  1710 | D:3      | Reached XP level 5. HP: 10/36 MP: 5/5
  1712 | D:3      | HP: 1/36 [adder (5)]
  1713 | D:3      | Slain by an adder

Illustrated notes

Levels and vault maps discovered:
D:1:      amcnicky_arrival_underground_garden, layout_basic,
          dreamdust_ecumenical_altar_angels_and_demons
D:2:      layout_loops_ring
D:3:      layout_basic, lemuel_round_altar, minmay_fractal_squares_diagonal_5

Skill      XL: |  1  2  3  4 |
---------------+-------------+-----
Stealth        | 1 2 |  2.2
Throwing       | 1 |  1.3
Axes           | 3 |  3.1
Evocations     | 1 |  1.0
Fighting       | |  3.3
Dodging        | |  3.4
Shields        | |  3.3

Action                   |  1- 3 |  4- 6 || total
-------------------------+-------+-------++-------
Melee: War axe           |    52 |    14 ||    66
       Constrict         |    13 |     2 ||    15
       Tentacles         |     6 |     1 ||     7
Throw: Dart              |     2 |       ||     2
  Use: Potion            |       |     1 ||     1
 Stab: Sleeping          |     7 |     2 ||     9
       Distracted        |     1 |       ||     1
Armor: Skin              |     1 |     3 ||     4
Dodge: Dodged            |    22 |     8 ||    30
Block: Kite shield       |    20 |    14 ||    34

Table legend: (Time is in decaauts)
 A = Elapsed time spent in this place.
 B = Non-inter-level travel time spent in this place.
 C = Inter-level travel time spent in this place.
 D = Time resting spent in this place.
 E = Time spent auto-exploring this place.
 F = Levels seen in this place.
 G = Mean time per level.
                   A        B        C        D        E       F      G
               +--------+--------+--------+--------+--------+-----+--------+
         Total |   1753 |   1699 |     54 |      0 |   1419 |   3 |  584.3 |
       Dungeon |   1753 |   1699 |     54 |      0 |   1419 |   3 |  584.3 |
               +--------+--------+--------+--------+--------+-----+--------+

Top non-repeatable levels by time:
     D:2: 751 daAuts
     D:1: 675 daAuts
     D:3: 326 daAuts
